cohdb
Replays
Latest Replays
All Replays
Popular Replays
Top Player Replays
Match Explorer
How It Works
Community
CoH3 Stats
Reddit
Sign in to upload your games and track your stats! →
Sign in with Steam
Match 39226047
Unlisted
Match 39226047
Overview
Messages
Build Orders
End
Construct Section Command Post
Selects Indian Artillery Battlegroup
Infantry Section
Infantry Section
Grenade Package
Selects Towed ML 4.2-inch Heavy Mortar
Towed ML 4.2-inch Heavy Mortar
Infantry Section
Construct Platoon Command Post
Selects Valour
6-pounder Anti-tank Gun Team
Epicdeath
BIOHAZARD
Adam Kadmon
KITSU.CL
XX_76_XX
10bones88
0
0
Comments
sign in to comment!
No comments posted yet!